Griffins vs Rivermen

Created - Thursday, October 23, 2014 at 23:03

Goals
1 2 3 T
Griffins 2 5 0 7
Rivermen 1 0 0 1
Shots
1 2 3 T
Griffins 10 11 8 29
Rivermen 5 9 11 25

1st period

1. Griffins , Douglas Murray 2 (John Albert, Alexander Sulzer) at 0:26
2. Griffins , Alexander Sulzer 6 (John Albert) at 4:00
3. Rivermen , Mark Stone 8 (Anton Belov, J.T. Brown) at 5:14

Penalties :
Mike Angelidis (GRG) for Hooking (Minor) at 1:09, Cody Goloubef (Peo) for Fighting (Major) at 3:30, Kellan Lain (GRG) for Fighting (Major) at 3:30, Kellan Lain (GRG) for High sticking (Minor) at 19:20

2nd period

4. Griffins , Alexander Sulzer 7 (Douglas Murray) at 10:39 (PP)
5. Griffins , Paul Postma 1 (John McFarland, Mike Angelidis) at 14:17
6. Griffins , John Albert 3 (Alexander Sulzer) at 16:20
7. Griffins , John Albert 4 (Paul Postma) at 18:06
8. Griffins , Ben Eager 1 (John Albert) at 18:28

Penalties :
Rob Davison (Peo) for Hooking (Minor) at 1:43, Blair Jones (Peo) for Interference (Minor) at 9:20, Rob Davison (Peo) for Fighting (Major) at 16:14, Kellan Lain (GRG) for Fighting (Major) at 16:14, Ryan Reaves (Peo) for Fighting (Major) at 19:33, Matt Marquardt (GRG) for Fighting (Major) at 19:33, Matt Marquardt (GRG) for instigated a fight (Minor) at 19:33, Matt Marquardt (GRG) for instigated a fight (10 Minutes Misconduct) at 19:33

3rd period

No Goal

Penalties :
Jordan Owens (GRG) for High sticking (Minor) at 2:38, Ryan Reaves (Peo) for Fighting (Major) at 18:42, Mike Angelidis (GRG) for Fighting (Major) at 18:42

Goalie Stats

Jeff Deslauriers (GRG), 24 saves from 25 shots - (0.960), W, 1-0-0, 60:00 minutes
Tyler Bunz (Peo), 12 saves from 16 shots - (0.750), L, 2-7-0, 34:17 minutes
Jared Coreau (Peo), 10 saves from 13 shots - (0.769), 25:43 minutes

Players Stats for Griffins

Player Name              G  A  P  +/- PIM S  H  SB GA TA FO     MP     PP MP  PK MP  
------------------------------------------------------------------------------------
Adam Clendening          0  0  0   2  0   2  2  3  0  6  0/0    22:10   1:43   3:01 
Alexander Sulzer         2  2  4   4  0   3  0  5  1  5  0/0    24:45   1:35   4:55 
Ben Eager                1  0  1   3  0   4  1  0  3  1  0/1    21:09   1:32   5:54 
Brad Hunt                0  0  0   0  0   0  1  2  2  0  0/0    16:45   0:00   0:00 
Corey Trivino            0  0  0   0  0   1  2  1  1  1  2/5     9:41   0:00   0:01 
David Musil              0  0  0  -1  0   2  1  1  0  1  0/0    18:44   0:00   2:12 
Douglas Murray           1  1  2   3  0   2  2  3  5  4  0/0    14:15   1:35   2:43 
John Albert              2  3  5   5  0   4  1  1  1  0  12/29  22:49   1:32   6:20 
John McFarland           0  1  1   0  0   4  2  1  4  1  0/0    18:08   1:46   1:25 
Jordan Owens             0  0  0   0  2   0  0  1  0  0  0/0     9:37   0:00   0:00 
Kellan Lain              0  0  0   0  12  0  3  0  0  0  2/3    10:58   0:00   0:13 
Mark Mancari             0  0  0   3  0   0  1  1  0  1  0/0    17:17   1:32   1:25 
Matt Marquardt           0  0  0   0  17  0  3  0  0  0  8/8    13:21   1:46   0:00 
Maxim Shalunov           0  0  0   0  0   0  1  2  0  0  0/1     8:57   0:00   0:00 
Mike Angelidis           0  1  1   0  7   4  2  0  1  0  0/1    15:35   1:46   0:10 
Mitchell Heard           0  0  0   2  0   1  1  0  0  0  1/1    13:25   0:00   0:41 
Paul Postma              1  1  2   2  0   2  4  2  1  1  0/0    20:54   1:43   3:01 
Paul Thompson            0  0  0   2  0   0  0  1  0  0  2/2    13:34   0:00   0:00 

Players Stats for Rivermen

Player Name              G  A  P  +/- PIM S  H  SB GA TA FO     MP     PP MP  PK MP  
------------------------------------------------------------------------------------
Anton Belov              0  1  1  -2  0   5  3  4  3  0  0/0    28:22   4:58   2:06 
Blair Jones              0  0  0  -1  2   2  2  0  1  1  12/18  22:54   3:57   1:42 
Brian Gibbons            0  0  0  -1  0   1  0  2  7  1  3/16   19:19   3:59   0:17 
Brian O'Neill            0  0  0  -3  0   1  2  0  2  0  1/1    15:48   0:00   1:19 
Chris Brown              0  0  0   0  0   0  1  0  3  0  0/0     7:44   0:00   0:00 
Cody Goloubef            0  0  0  -3  5   0  2  0  0  1  0/0    12:33   1:10   0:00 
J.T. Brown               0  1  1  -1  0   0  2  0  8  0  1/2    20:24   3:57   3:01 
Jeremy Morin             0  0  0  -3  0   2  5  0  4  0  0/0    13:46   0:46   0:00 
Joe Piskula              0  0  0  -1  0   0  0  2  0  1  0/0    13:53   0:00   1:12 
Joe Whitney              0  0  0  -1  0   1  1  3  2  1  0/1    18:58   3:59   0:00 
John Lee                 0  0  0   0  0   1  0  0  0  0  0/0     5:25   0:00   0:00 
Mark Stone               1  0  1  -1  0   5  1  0  1  0  0/0    17:40   3:57   0:17 
Maxime Fortunus          0  0  0  -2  0   1  0  2  0  1  0/0    20:15   2:58   1:12 
Nathan Longpre           0  0  0   0  0   1  0  0  0  2  3/4     8:09   0:00   0:00 
Rob Davison              0  0  0   0  7   0  2  3  1  0  0/0    16:38   1:48   0:00 
Ryan Reaves              0  0  0  -1  10  3  2  0  2  1  0/0    16:06   1:38   0:00 
Ryan Sproul              0  0  0  -2  0   2  3  1  0  1  0/0    22:47   4:58   2:06 
Zack Phillips            0  0  0  -3  0   0  1  0  1  1  4/9    15:45   1:35   0:00 

3 Stars

1 - John Albert (GRG)
2 - Alexander Sulzer (GRG)
3 - Douglas Murray (GRG)

Power Play

Griffins - 1 on 2 Attempt(s) - 50.00%
Rivermen - 0 on 4 Attempt(s) - 0.00%

Penalty Kill

Griffins - 4 on 4 Attempt(s) - 100.00% - Score 0 goal in Penalty Kill
Rivermen - 1 on 2 Attempt(s) - 50.00% - Score 0 goal in Penalty Kill

Official

Referees : Unknown
Linesman : Unknown

Game Notes

Kellan Lain beats up Cody Goloubef at 3:30 of 1st period
Jared Coreau enters game at 14:17 of 2nd period
Kellan Lain beats up Rob Davison at 16:14 of 2nd period
Douglas Murray is injured at 16:42 of 2nd period (Broken Right Foot Toe)
Ryan Reaves and Matt Marquardt fight to a draw at 19:33 of 2nd period
Brad Hunt is injured at 16:00 of 3rd period (Sports Hernia)
Mike Angelidis beats up Ryan Reaves at 18:42 of 3rd period

Finance

Level 1 -- Attendance: 1601 (80.05%) -- Ticket Income $44,828
Level 2 -- Attendance: 781 (78.10%) -- Ticket Income $7,810
Total Attendance: 2382 (79.40%)
Total Ticket Income: $52,638
Other Income: $25,793
Total Income: $78,431

Griffins

5 vs 5 Forward 
   Center                   Left Wing                Right Wing               Time % Phy DF OF 
 1 John Albert              Ben Eager                Mark Mancari             35     1   2  2  
 2 Matt Marquardt           Mike Angelidis           John McFarland           30     1   2  2  
 3 Kellan Lain              Mitchell Heard           Paul Thompson            22     1   2  2  
 4 Corey Trivino            Jordan Owens             Maxim Shalunov           13     1   2  2  

5 vs 5 Defense 
   Defense                  Defense                                           Time % Phy DF OF 
 1 Douglas Murray           Alexander Sulzer                                  35     1   2  2  
 2 Adam Clendening          Paul Postma                                       30     1   2  2  
 3 Brad Hunt                David Musil                                       22     1   2  2  
 4 Douglas Murray           Alexander Sulzer                                  13     1   2  2  

PowerPlay Forward 
   Center                   Left Wing                Right Wing               Time % Phy DF OF 
 1 John Albert              Ben Eager                Mark Mancari             60     1   2  2  
 2 Matt Marquardt           Mike Angelidis           John McFarland           40     1   2  2  

PowerPlay Defense
   Defense                  Defense                                           Time % Phy DF OF 
 1 Douglas Murray           Alexander Sulzer                                  60     1   2  2  
 2 Adam Clendening          Paul Postma                                       40     1   2  2  

Penalty Kill 4 Players Forward 
   Center                   Wing                     Time % Phy DF OF 
 1 John Albert              Ben Eager                60     1   2  2  
 2 Mark Mancari             John McFarland           40     1   2  2  

Penalty Kill 4 Players Defense
   Defense                  Defense                  Time % Phy DF OF 
 1 Douglas Murray           Alexander Sulzer         60     1   2  2  
 2 Adam Clendening          Paul Postma              40     1   2  2  

Penalty Kill - 3 Players Forward 
   Forward                                           Time % Phy DF OF 
 1 John Albert                                       60     1   2  2  
 2 Ben Eager                                         40     1   2  2  

Penalty Kill - 3 Players Defense
   Defense                  Defense                  Time % Phy DF OF 
 1 Douglas Murray           Alexander Sulzer         60     1   2  2  
 2 Adam Clendening          Paul Postma              40     1   2  2  

4 vs 4 Forward 
   Center                   Wing                     Time % Phy DF OF 
 1 John Albert              Ben Eager                60     1   2  2  
 2 Mark Mancari             John McFarland           40     1   2  2  

4 vs 4 Defense
   Defense                  Defense                  Time % Phy DF OF 
 1 Douglas Murray           Alexander Sulzer         60     1   2  2  
 2 Adam Clendening          Paul Postma              40     1   2  2  

Last Minutes Offensive
   Center                   Left Wing                Right Wing               Defense                  Defense                  
   John Albert              Ben Eager                Mark Mancari             Douglas Murray           Alexander Sulzer         

Last Minutes Defensive
   Center                   Left Wing                Right Wing               Defense                  Defense                  
   John Albert              Ben Eager                Mark Mancari             Douglas Murray           Alexander Sulzer         

Goaltenders
Starting : Jeff Deslauriers         
Backup : Joe Cannata              

Extra Forwards
Normal : Paul Thompson, Kellan Lain, Mitchell Heard - PP : Paul Thompson, Kellan Lain - PK : Mitchell Heard
Extra Defensemen
Normal : Brad Hunt, David Musil, Adam Clendening - PP : Brad Hunt - PK : David Musil, Adam Clendening
Penalty Shots
John Albert, Ben Eager, Mark Mancari, John McFarland, Mike Angelidis

Rivermen

5 vs 5 Forward 
   Center                   Left Wing                Right Wing               Time % Phy DF OF 
 1 Blair Jones              J.T. Brown               Mark Stone               35     1   2  2  
 2 Brian Gibbons            Joe Whitney              Ryan Reaves              30     1   2  2  
 3 Zack Phillips            Jeremy Morin             Brian O'Neill            22     1   2  2  
 4 Nathan Longpre           Chris Brown              Blair Jones              13     1   2  2  

5 vs 5 Defense 
   Defense                  Defense                                           Time % Phy DF OF 
 1 Anton Belov              Ryan Sproul                                       35     1   2  2  
 2 Rob Davison              Maxime Fortunus                                   30     1   2  2  
 3 Cody Goloubef            Joe Piskula                                       22     1   2  2  
 4 John Lee                 Anton Belov                                       13     1   2  2  

PowerPlay Forward 
   Center                   Left Wing                Right Wing               Time % Phy DF OF 
 1 Blair Jones              J.T. Brown               Mark Stone               60     1   2  2  
 2 Brian Gibbons            Joe Whitney              Ryan Reaves              40     1   2  2  

PowerPlay Defense
   Defense                  Defense                                           Time % Phy DF OF 
 1 Anton Belov              Ryan Sproul                                       60     1   2  2  
 2 Rob Davison              Maxime Fortunus                                   40     1   2  2  

Penalty Kill 4 Players Forward 
   Center                   Wing                     Time % Phy DF OF 
 1 Blair Jones              J.T. Brown               60     1   2  2  
 2 Brian Gibbons            Mark Stone               40     1   2  2  

Penalty Kill 4 Players Defense
   Defense                  Defense                  Time % Phy DF OF 
 1 Anton Belov              Ryan Sproul              60     1   2  2  
 2 Rob Davison              Maxime Fortunus          40     1   2  2  

Penalty Kill - 3 Players Forward 
   Forward                                           Time % Phy DF OF 
 1 Blair Jones                                       60     1   2  2  
 2 J.T. Brown                                        40     1   2  2  

Penalty Kill - 3 Players Defense
   Defense                  Defense                  Time % Phy DF OF 
 1 Anton Belov              Ryan Sproul              60     1   2  2  
 2 Rob Davison              Maxime Fortunus          40     1   2  2  

4 vs 4 Forward 
   Center                   Wing                     Time % Phy DF OF 
 1 Blair Jones              J.T. Brown               60     1   2  2  
 2 Brian Gibbons            Mark Stone               40     1   2  2  

4 vs 4 Defense
   Defense                  Defense                  Time % Phy DF OF 
 1 Anton Belov              Ryan Sproul              60     1   2  2  
 2 Rob Davison              Maxime Fortunus          40     1   2  2  

Last Minutes Offensive
   Center                   Left Wing                Right Wing               Defense                  Defense                  
   Blair Jones              J.T. Brown               Mark Stone               Anton Belov              Ryan Sproul              

Last Minutes Defensive
   Center                   Left Wing                Right Wing               Defense                  Defense                  
   Blair Jones              J.T. Brown               Mark Stone               Anton Belov              Ryan Sproul              

Goaltenders
Starting : Tyler Bunz               
Backup : Jared Coreau             

Extra Forwards
Normal : Zack Phillips, Jeremy Morin, Brian O'Neill - PP : Zack Phillips, Jeremy Morin - PK : Brian O'Neill
Extra Defensemen
Normal : Cody Goloubef, Joe Piskula, John Lee - PP : Cody Goloubef - PK : Joe Piskula, John Lee
Penalty Shots
Blair Jones, J.T. Brown, Brian Gibbons, Mark Stone, Ryan Reaves

% Time on Ice - Griffins

Lines # - Real PCT - Wanted PCT - Time Play
Normal Forward
1 - 26% - 35% - 12:55
2 - 32% - 30% - 15:22
3 - 24% - 22% - 11:32
4 - 18% - 13% - 8:57
Normal Defense
1 - 39% - 35% - 18:54
2 - 27% - 30% - 13:02
3 - 23% - 22% - 11:13
4 - 12% - 13% - 5:37
PP Forward
1 - 46% - 60% - 1:32
2 - 54% - 40% - 1:46
PP Defense
1 - 48% - 60% - 1:35
2 - 52% - 40% - 1:43
PK Forward
1 - 82% - 60% - 6:31
2 - 18% - 40% - 1:25
PK Defense
1 - 62% - 60% - 4:55
2 - 38% - 40% - 3:01
PK3 Forward
1 - 0% - 60%
2 - 0% - 40%
PK3 Defense
1 - 0% - 60%
2 - 0% - 40%
44 Forward
1 - 0% - 60%
2 - 0% - 40%
44 Defense
1 - 0% - 60%
2 - 0% - 40%
Last Minute Offensive  - 0:00
Last Minute Defensive  - 0:00
Total
Forward - 60:00
Defense - 60:00

% Time on Ice - Rivermen

Lines # - Real PCT - Wanted PCT - Time Play
Normal Forward
1 - 28% - 35% - 13:27
2 - 31% - 30% - 14:59
3 - 26% - 22% - 12:36
4 - 16% - 13% - 7:44
Normal Defense
1 - 32% - 35% - 15:45
2 - 33% - 30% - 16:05
3 - 25% - 22% - 12:11
4 - 10% - 13% - 4:45
PP Forward
1 - 50% - 60% - 3:57
2 - 50% - 40% - 3:59
PP Defense
1 - 63% - 60% - 4:58
2 - 37% - 40% - 2:58
PK Forward
1 - 91% - 60% - 3:01
2 - 9% - 40% - 0:17
PK Defense
1 - 64% - 60% - 2:06
2 - 36% - 40% - 1:12
PK3 Forward
1 - 0% - 60%
2 - 0% - 40%
PK3 Defense
1 - 0% - 60%
2 - 0% - 40%
44 Forward
1 - 0% - 60%
2 - 0% - 40%
44 Defense
1 - 0% - 60%
2 - 0% - 40%
Last Minute Offensive  - 0:00
Last Minute Defensive  - 0:00
Total
Forward - 60:00
Defense - 60:00

Play by Play

1st period


0:01 of 1st period - Blair Jones wins face-off versus John Albert in neutral zone.
0:22 of 1st period - Slapshot by Alexander Sulzer.
0:22 of 1st period - Shot Misses the Net.
0:24 of 1st period - Snap shot by John Albert.
0:24 of 1st period - Shot Misses the Net.
0:26 of 1st period - Slapshot by Douglas Murray.
0:26 of 1st period - Goal by Douglas Murray - Griffins : 1 - Rivermen : 0.
0:27 of 1st period - Matt Marquardt wins face-off versus Brian Gibbons in neutral zone.
0:30 of 1st period - Ryan Reaves is hit by Adam Clendening and loses puck.
0:51 of 1st period - Wrist shot by Ryan Reaves.
0:51 of 1st period - Stopped by Jeff Deslauriers with a rebound.
1:09 of 1st period - Minor Penalty to Mike Angelidis for Hooking.
1:10 of 1st period - Blair Jones wins face-off versus John Albert in Griffins zone.
1:21 of 1st period - Douglas Murray is hit by Mark Stone and loses puck.
1:26 of 1st period - Snap shot by Mark Stone.
1:26 of 1st period - Deflect By J.T. Brown.
1:26 of 1st period - Shot Blocked by Alexander Sulzer.
1:26 of 1st period - Puck is out of play.
1:27 of 1st period - J.T. Brown wins face-off versus John Albert in Griffins zone.
1:28 of 1st period - Slapshot by Anton Belov.
1:28 of 1st period - Deflect By J.T. Brown.
1:28 of 1st period - Shot Misses the Net.
1:28 of 1st period - Puck is out of play.
1:29 of 1st period - John Albert wins face-off versus Blair Jones in Griffins zone.
1:29 of 1st period - John Albert is hit by Blair Jones.
2:32 of 1st period - Adam Clendening is hit by Ryan Reaves and loses puck.
3:09 of 1st period - Penalty to Mike Angelidis is over, Mike Angelidis is back on ice.
3:30 of 1st period - Kellan Lain beats up Cody Goloubef.
3:30 of 1st period - Penalty to Cody Goloubef for Fighting.
3:30 of 1st period - Penalty to Kellan Lain for Fighting.
3:31 of 1st period - Paul Thompson wins face-off versus Zack Phillips in Griffins zone.
3:31 of 1st period - Paul Thompson is hit by Zack Phillips.
3:56 of 1st period - Slapshot by Alexander Sulzer.
3:56 of 1st period - Shot Misses the Net.
3:58 of 1st period - Slapshot by Alexander Sulzer.
3:58 of 1st period - Shot Blocked by Joe Piskula.
4:00 of 1st period - Wrist shot by Alexander Sulzer.
4:00 of 1st period - Goal by Alexander Sulzer - Griffins : 2 - Rivermen : 0.
4:01 of 1st period - Corey Trivino wins face-off versus Brian Gibbons in neutral zone.
4:30 of 1st period - Snap shot by Jordan Owens.
4:30 of 1st period - Deflect By Corey Trivino.
4:30 of 1st period - Stopped by Tyler Bunz with a rebound.
4:56 of 1st period - Anton Belov is hit by Matt Marquardt and loses puck.
5:03 of 1st period - J.T. Brown is hit by David Musil and loses puck.
5:14 of 1st period - Snap shot by Mark Stone.
5:14 of 1st period - Goal by Mark Stone - Griffins : 2 - Rivermen : 1.
5:15 of 1st period - John Albert wins face-off versus Zack Phillips in neutral zone.
5:28 of 1st period - Slapshot by Jeremy Morin.
5:28 of 1st period - Stopped by Jeff Deslauriers with a rebound.
6:00 of 1st period - Icing by John Albert.
6:01 of 1st period - Blair Jones wins face-off versus John Albert in Griffins zone.
6:44 of 1st period - Snap shot by Mike Angelidis.
6:44 of 1st period - Stopped by Tyler Bunz with a rebound.
6:52 of 1st period - Wrist shot by John McFarland.
6:52 of 1st period - Stopped by Tyler Bunz with a rebound.
7:18 of 1st period - Anton Belov is hit by Mitchell Heard and loses puck.
7:59 of 1st period - Brad Hunt is hit by Rob Davison and loses puck.
8:22 of 1st period - Jeremy Morin is hit by Douglas Murray and loses puck.
8:27 of 1st period - Snap shot by Douglas Murray.
8:27 of 1st period - Stopped by Tyler Bunz with a rebound.
8:29 of 1st period - Snap shot by John Albert.
8:29 of 1st period - Stopped by Tyler Bunz without a rebound.
8:30 of 1st period - John Albert wins face-off versus Nathan Longpre in Rivermen zone.
9:16 of 1st period - Slapshot by Ryan Reaves.
9:16 of 1st period - Shot Misses the Net.
9:37 of 1st period - J.T. Brown is hit by Douglas Murray.
9:47 of 1st period - Slapshot by Mark Stone.
9:47 of 1st period - Shot Blocked by Douglas Murray.
10:07 of 1st period - Adam Clendening is hit by Brian O'Neill and loses puck.
10:43 of 1st period - Off-side.
10:44 of 1st period - Kellan Lain wins face-off versus Brian Gibbons in neutral zone.
10:47 of 1st period - Wrist shot by Brad Hunt.
10:47 of 1st period - Shot Blocked by Anton Belov.
10:53 of 1st period - Slapshot by Anton Belov.
10:53 of 1st period - Stopped by Jeff Deslauriers without a rebound.
10:54 of 1st period - Brian Gibbons wins face-off versus John Albert in Griffins zone.
11:22 of 1st period - J.T. Brown is hit by Brad Hunt.
11:48 of 1st period - Snap shot by John McFarland.
11:48 of 1st period - Stopped by Tyler Bunz with a rebound.
11:50 of 1st period - Slapshot by Paul Postma.
11:50 of 1st period - Deflect By Mike Angelidis.
11:50 of 1st period - Stopped by Tyler Bunz with a rebound.
11:56 of 1st period - Wrist shot by John McFarland.
11:56 of 1st period - Shot Misses the Net.
11:58 of 1st period - Snap shot by John McFarland.
11:58 of 1st period - Stopped by Tyler Bunz without a rebound.
11:59 of 1st period - Kellan Lain wins face-off versus Zack Phillips in Rivermen zone.
12:19 of 1st period - Wrist shot by Jeremy Morin.
12:19 of 1st period - Shot Misses the Net.
12:21 of 1st period - Snap shot by Brian O'Neill.
12:21 of 1st period - Stopped by Jeff Deslauriers with a rebound.
12:23 of 1st period - Wrist shot by Brian O'Neill.
12:23 of 1st period - Shot Misses the Net.
12:28 of 1st period - Icing by Paul Postma.
12:29 of 1st period - Brian Gibbons wins face-off versus Kellan Lain in Griffins zone.
12:43 of 1st period - Slapshot by Brian Gibbons.
12:43 of 1st period - Shot Blocked by Paul Postma.
12:45 of 1st period - Snap shot by Brian Gibbons.
12:45 of 1st period - Shot Blocked by Paul Thompson.
13:58 of 1st period - Slapshot by David Musil.
13:58 of 1st period - Shot Blocked by Rob Davison.
15:02 of 1st period - Alexander Sulzer is hit by Ryan Reaves and loses puck.
15:17 of 1st period - Slapshot by Ben Eager.
15:17 of 1st period - Deflect By John Albert.
15:17 of 1st period - Shot Blocked by Brian Gibbons.
15:17 of 1st period - Puck is out of play.
15:18 of 1st period - Blair Jones wins face-off versus Mike Angelidis in Rivermen zone.
15:18 of 1st period - Blair Jones is hit by Matt Marquardt.
15:24 of 1st period - Alexander Sulzer is hit by Cody Goloubef.
16:56 of 1st period - Joe Whitney is hit by John Albert and loses puck.
17:09 of 1st period - Snap shot by Alexander Sulzer.
17:09 of 1st period - Shot Misses the Net.
17:11 of 1st period - Wrist shot by Douglas Murray.
17:11 of 1st period - Shot Blocked by Rob Davison.
17:15 of 1st period - Wrist shot by Mark Mancari.
17:15 of 1st period - Shot Misses the Net.
17:25 of 1st period - Brian Gibbons is hit by Mike Angelidis and loses puck.
17:50 of 1st period - Slapshot by Anton Belov.
17:50 of 1st period - Shot Blocked by Maxim Shalunov.
18:16 of 1st period - Cody Goloubef is hit by Kellan Lain and loses puck.
18:46 of 1st period - Brad Hunt is hit by Chris Brown and loses puck.
19:20 of 1st period - Minor Penalty to Kellan Lain for High sticking.
19:21 of 1st period - John Albert wins face-off versus Blair Jones in Griffins zone.
19:35 of 1st period - Wrist shot by Ben Eager.
19:35 of 1st period - Shot Misses the Net.
19:58 of 1st period - Adam Clendening is hit by Ryan Sproul and loses puck.
Goals for this period are 2 for Griffins vs 1 for Rivermen.
Shots for this period are 10 for Griffins vs 5 for Rivermen.

2nd period


0:01 of 2nd period - John Albert wins face-off versus Blair Jones in neutral zone.
0:52 of 2nd period - Alexander Sulzer is hit by Ryan Sproul and loses puck.
0:59 of 2nd period - Snap shot by Ryan Reaves.
0:59 of 2nd period - Shot Misses the Net.
1:01 of 2nd period - Slapshot by Ryan Reaves.
1:01 of 2nd period - Deflect By Alexander Sulzer.
1:01 of 2nd period - Shot Misses the Net.
1:01 of 2nd period - Puck is out of play.
1:02 of 2nd period - John Albert wins face-off versus Brian Gibbons in Griffins zone.
1:20 of 2nd period - Penalty to Kellan Lain is over, Kellan Lain is back on ice.
1:41 of 2nd period - Backhand shot by Paul Postma.
1:41 of 2nd period - Shot Misses the Net.
1:43 of 2nd period - Minor Penalty to Rob Davison for Hooking.
1:44 of 2nd period - Matt Marquardt wins face-off versus Blair Jones in Rivermen zone.
2:29 of 2nd period - Anton Belov is hit by Ben Eager and loses puck.
3:36 of 2nd period - Maxime Fortunus is hit by Adam Clendening and loses puck.
3:43 of 2nd period - Penalty to Rob Davison is over, Rob Davison is back on ice.
3:59 of 2nd period - Douglas Murray is hit by Jeremy Morin and loses puck.
4:11 of 2nd period - Paul Thompson is hit by Jeremy Morin and loses puck.
4:21 of 2nd period - Slapshot by Anton Belov.
4:21 of 2nd period - Shot Blocked by David Musil.
4:46 of 2nd period - Slapshot by Anton Belov.
4:46 of 2nd period - Shot Blocked by Brad Hunt.
4:48 of 2nd period - Slapshot by Ryan Sproul.
4:48 of 2nd period - Stopped by Jeff Deslauriers with a rebound.
4:50 of 2nd period - Snap shot by Joe Whitney.
4:50 of 2nd period - Stopped by Jeff Deslauriers with a rebound.
4:52 of 2nd period - Slapshot by Anton Belov.
4:52 of 2nd period - Deflect By Ryan Reaves.
4:52 of 2nd period - Shot Blocked by Brad Hunt.
4:52 of 2nd period - Puck is out of play.
4:53 of 2nd period - Nathan Longpre wins face-off versus Corey Trivino in Griffins zone.
4:54 of 2nd period - Slapshot by Anton Belov.
4:54 of 2nd period - Deflect By Chris Brown.
4:54 of 2nd period - Shot Misses the Net.
4:54 of 2nd period - Puck is out of play.
4:55 of 2nd period - Nathan Longpre wins face-off versus Corey Trivino in Griffins zone.
4:58 of 2nd period - Slapshot by Chris Brown.
4:58 of 2nd period - Deflect By Blair Jones.
4:58 of 2nd period - Shot Blocked by Paul Postma.
4:58 of 2nd period - Puck is out of play.
4:59 of 2nd period - Nathan Longpre wins face-off versus Corey Trivino in Griffins zone.
5:02 of 2nd period - Slapshot by Anton Belov.
5:02 of 2nd period - Shot Blocked by Jordan Owens.
5:04 of 2nd period - Slapshot by Anton Belov.
5:04 of 2nd period - Shot Blocked by Maxim Shalunov.
5:06 of 2nd period - Slapshot by John Lee.
5:06 of 2nd period - Shot Blocked by Adam Clendening.
5:08 of 2nd period - Snap shot by Chris Brown.
5:08 of 2nd period - Shot Misses the Net.
5:10 of 2nd period - Slapshot by Chris Brown.
5:10 of 2nd period - Shot Misses the Net.
5:12 of 2nd period - Slapshot by Anton Belov.
5:12 of 2nd period - Stopped by Jeff Deslauriers with a rebound.
5:14 of 2nd period - Slapshot by John Lee.
5:14 of 2nd period - Stopped by Jeff Deslauriers with a rebound.
5:16 of 2nd period - Wrist shot by Nathan Longpre.
5:16 of 2nd period - Stopped by Jeff Deslauriers with a rebound.
5:46 of 2nd period - Adam Clendening is hit by Jeremy Morin.
5:52 of 2nd period - Cody Goloubef is hit by Paul Postma and loses puck.
6:12 of 2nd period - Icing by Cody Goloubef.
6:13 of 2nd period - Matt Marquardt wins face-off versus Brian Gibbons in Rivermen zone.
8:21 of 2nd period - Icing by Brad Hunt.
8:22 of 2nd period - John Albert wins face-off versus Brian Gibbons in Griffins zone.
9:07 of 2nd period - David Musil is hit by Ryan Sproul and loses puck.
9:20 of 2nd period - Minor Penalty to Blair Jones for Interference.
9:21 of 2nd period - Brian O'Neill wins face-off versus John Albert in Rivermen zone.
9:46 of 2nd period - Slapshot by Ben Eager.
9:46 of 2nd period - Stopped by Tyler Bunz with a rebound.
10:06 of 2nd period - Slapshot by John McFarland.
10:06 of 2nd period - Shot Misses the Net.
10:08 of 2nd period - Slapshot by Paul Postma.
10:08 of 2nd period - Shot Misses the Net.
10:10 of 2nd period - Slapshot by Adam Clendening.
10:10 of 2nd period - Shot Blocked by Anton Belov.
10:16 of 2nd period - Slapshot by Douglas Murray.
10:16 of 2nd period - Shot Misses the Net.
10:37 of 2nd period - Slapshot by Alexander Sulzer.
10:37 of 2nd period - Shot Blocked by Anton Belov.
10:39 of 2nd period - Slapshot by Alexander Sulzer.
10:39 of 2nd period - Goal by Alexander Sulzer - Griffins : 3 - Rivermen : 1.
10:40 of 2nd period - Corey Trivino wins face-off versus Brian Gibbons in neutral zone.
11:10 of 2nd period - Slapshot by Alexander Sulzer.
11:10 of 2nd period - Deflect By Joe Whitney.
11:10 of 2nd period - Stopped by Tyler Bunz with a rebound.
11:28 of 2nd period - Nathan Longpre is hit by John McFarland and loses puck.
11:58 of 2nd period - Snap shot by Adam Clendening.
11:58 of 2nd period - Stopped by Tyler Bunz with a rebound.
12:59 of 2nd period - Wrist shot by Mitchell Heard.
12:59 of 2nd period - Stopped by Tyler Bunz without a rebound.
13:00 of 2nd period - Zack Phillips wins face-off versus Maxim Shalunov in Rivermen zone.
13:49 of 2nd period - Ryan Sproul is hit by Mike Angelidis.
13:53 of 2nd period - Slapshot by Anton Belov.
13:53 of 2nd period - Stopped by Jeff Deslauriers without a rebound.
13:54 of 2nd period - Matt Marquardt wins face-off versus Brian Gibbons in Griffins zone.
14:05 of 2nd period - Snap shot by John McFarland.
14:05 of 2nd period - Shot Blocked by Joe Whitney.
14:13 of 2nd period - Backhand shot by John McFarland.
14:13 of 2nd period - Shot Blocked by Brian Gibbons.
14:15 of 2nd period - Slapshot by Paul Postma.
14:15 of 2nd period - Shot Blocked by Joe Whitney.
14:17 of 2nd period - Slapshot by Paul Postma.
14:17 of 2nd period - Deflect By Joe Whitney.
14:17 of 2nd period - Goal by Paul Postma - Griffins : 4 - Rivermen : 1.
14:17 of 2nd period - Jared Coreau enters game.
14:18 of 2nd period - Zack Phillips wins face-off versus John Albert in neutral zone.
14:27 of 2nd period - John Albert is hit by Brian O'Neill and loses puck.
14:37 of 2nd period - Off-side.
14:38 of 2nd period - Zack Phillips wins face-off versus John Albert in neutral zone.
14:43 of 2nd period - Wrist shot by Jeremy Morin.
14:43 of 2nd period - Stopped by Jeff Deslauriers with a rebound.
15:23 of 2nd period - Brian Gibbons is hit by Paul Postma and loses puck.
15:49 of 2nd period - Cody Goloubef is hit by John McFarland.
16:06 of 2nd period - J.T. Brown is hit by Paul Postma and loses puck.
16:14 of 2nd period - Kellan Lain beats up Rob Davison.
16:14 of 2nd period - Penalty to Rob Davison for Fighting.
16:14 of 2nd period - Penalty to Kellan Lain for Fighting.
16:15 of 2nd period - John Albert wins face-off versus Zack Phillips in Rivermen zone.
16:20 of 2nd period - Snap shot by John Albert.
16:20 of 2nd period - Goal by John Albert - Griffins : 5 - Rivermen : 1.
16:21 of 2nd period - Blair Jones wins face-off versus John Albert in neutral zone.
16:24 of 2nd period - Snap shot by J.T. Brown.
16:24 of 2nd period - Shot Blocked by Douglas Murray.
16:28 of 2nd period - Slapshot by Mark Stone.
16:28 of 2nd period - Stopped by Jeff Deslauriers with a rebound.
16:30 of 2nd period - Snap shot by J.T. Brown.
16:30 of 2nd period - Shot Blocked by Alexander Sulzer.
16:42 of 2nd period - Snap shot by Mark Stone.
16:42 of 2nd period - Shot Blocked by Douglas Murray.
16:42 of 2nd period - Douglas Murray from Griffins is injured at 16:42 of 2nd period (Broken Right Foot Toe).
16:43 of 2nd period - Blair Jones wins face-off versus Ben Eager in Griffins zone.
17:34 of 2nd period - Anton Belov is hit by Matt Marquardt and loses puck.
17:49 of 2nd period - Mike Angelidis is hit by Anton Belov and loses puck.
17:56 of 2nd period - Snap shot by Ryan Reaves.
17:56 of 2nd period - Stopped by Jeff Deslauriers without a rebound.
17:57 of 2nd period - Zack Phillips wins face-off versus John Albert in Griffins zone.
18:06 of 2nd period - Snap shot by John Albert.
18:06 of 2nd period - Goal by John Albert - Griffins : 6 - Rivermen : 1.
18:07 of 2nd period - Blair Jones wins face-off versus John Albert in neutral zone.
18:16 of 2nd period - Wrist shot by Ben Eager.
18:16 of 2nd period - Shot Misses the Net.
18:18 of 2nd period - Slapshot by Alexander Sulzer.
18:18 of 2nd period - Deflect By Ben Eager.
18:18 of 2nd period - Shot Misses the Net.
18:18 of 2nd period - Puck is out of play.
18:19 of 2nd period - John Albert wins face-off versus Blair Jones in Rivermen zone.
18:22 of 2nd period - Wrist shot by Ben Eager.
18:22 of 2nd period - Shot Misses the Net.
18:24 of 2nd period - Wrist shot by Ben Eager.
18:24 of 2nd period - Stopped by Jared Coreau with a rebound.
18:26 of 2nd period - Wrist shot by Ben Eager.
18:26 of 2nd period - Deflect By J.T. Brown.
18:26 of 2nd period - Stopped by Jared Coreau with a rebound.
18:28 of 2nd period - Wrist shot by Ben Eager.
18:28 of 2nd period - Goal by Ben Eager - Griffins : 7 - Rivermen : 1.
18:29 of 2nd period - Blair Jones wins face-off versus John Albert in neutral zone.
18:36 of 2nd period - Snap shot by J.T. Brown.
18:36 of 2nd period - Shot Blocked by Alexander Sulzer.
18:38 of 2nd period - Snap shot by Mark Stone.
18:38 of 2nd period - Shot Blocked by Alexander Sulzer.
19:06 of 2nd period - Slapshot by Alexander Sulzer.
19:06 of 2nd period - Shot Blocked by Anton Belov.
19:12 of 2nd period - Mark Mancari is hit by Blair Jones and loses puck.
19:33 of 2nd period - Ryan Reaves and Matt Marquardt fight to a draw.
19:33 of 2nd period - Penalty to Ryan Reaves for Fighting.
19:33 of 2nd period - Penalty to Matt Marquardt for Fighting.
19:33 of 2nd period - Penalty to Matt Marquardt for instigated a fight.
19:33 of 2nd period - Penalty to Matt Marquardt for instigated a fight.
19:34 of 2nd period - John Albert wins face-off versus Brian Gibbons in neutral zone.
19:42 of 2nd period - Slapshot by Joe Whitney.
19:42 of 2nd period - Shot Misses the Net.
Goals for this period are 5 for Griffins vs 0 for Rivermen.
Shots for this period are 11 for Griffins vs 9 for Rivermen.

3rd period


0:01 of 3rd period - Blair Jones wins face-off versus John Albert in neutral zone.
0:08 of 3rd period - Snap shot by J.T. Brown.
0:08 of 3rd period - Shot Misses the Net.
0:10 of 3rd period - Slapshot by Anton Belov.
0:10 of 3rd period - Stopped by Jeff Deslauriers with a rebound.
0:15 of 3rd period - Snap shot by Blair Jones.
0:15 of 3rd period - Shot Misses the Net.
1:14 of 3rd period - Penalty to Kellan Lain is over, Kellan Lain is back on ice.
1:33 of 3rd period - Penalty to Matt Marquardt is over, Mitchell Heard is send on ice.
1:40 of 3rd period - Snap shot by Mark Stone.
1:40 of 3rd period - Shot Misses the Net.
1:42 of 3rd period - Snap shot by Anton Belov.
1:42 of 3rd period - Shot Hit the Post.
2:01 of 3rd period - Slapshot by Jeremy Morin.
2:01 of 3rd period - Shot Misses the Net.
2:32 of 3rd period - Chris Brown is hit by Corey Trivino and loses puck.
2:38 of 3rd period - Minor Penalty to Jordan Owens for High sticking.
2:39 of 3rd period - Brian Gibbons wins face-off versus John Albert in Griffins zone.
3:40 of 3rd period - Snap shot by Jeremy Morin.
3:40 of 3rd period - Shot Blocked by Adam Clendening.
3:50 of 3rd period - Slapshot by Jeremy Morin.
3:50 of 3rd period - Shot Blocked by Adam Clendening.
4:00 of 3rd period - Mitchell Heard is hit by J.T. Brown and loses puck.
4:33 of 3rd period - Penalty to Matt Marquardt is over, Ben Eager is send on ice.
4:38 of 3rd period - Penalty to Jordan Owens is over, Jordan Owens is back on ice.
4:50 of 3rd period - Snap shot by Ben Eager.
4:50 of 3rd period - Shot Blocked by Joe Piskula.
5:14 of 3rd period - Brad Hunt is hit by Jeremy Morin and loses puck.
5:37 of 3rd period - Nathan Longpre is hit by Corey Trivino and loses puck.
6:09 of 3rd period - Anton Belov is hit by Kellan Lain and loses puck.
6:52 of 3rd period - Wrist shot by J.T. Brown.
6:52 of 3rd period - Shot Blocked by John McFarland.
6:54 of 3rd period - Slapshot by Maxime Fortunus.
6:54 of 3rd period - Shot Misses the Net.
6:56 of 3rd period - Slapshot by J.T. Brown.
6:56 of 3rd period - Shot Misses the Net.
6:58 of 3rd period - Slapshot by Maxime Fortunus.
6:58 of 3rd period - Stopped by Jeff Deslauriers with a rebound.
7:06 of 3rd period - Wrist shot by J.T. Brown.
7:06 of 3rd period - Deflect By Mark Stone.
7:06 of 3rd period - Stopped by Jeff Deslauriers with a rebound.
7:21 of 3rd period - John McFarland is hit by Joe Whitney and loses puck.
7:36 of 3rd period - Alexander Sulzer is hit by Rob Davison and loses puck.
7:49 of 3rd period - Mark Stone is hit by Maxim Shalunov and loses puck.
8:12 of 3rd period - Snap shot by Kellan Lain.
8:12 of 3rd period - Shot Blocked by Ryan Sproul.
8:14 of 3rd period - Slapshot by David Musil.
8:14 of 3rd period - Deflect By Anton Belov.
8:14 of 3rd period - Stopped by Jared Coreau with a rebound.
8:42 of 3rd period - Snap shot by Ryan Reaves.
8:42 of 3rd period - Stopped by Jeff Deslauriers with a rebound.
9:00 of 3rd period - Snap shot by Mark Stone.
9:00 of 3rd period - Stopped by Jeff Deslauriers with a rebound.
9:24 of 3rd period - Alexander Sulzer is hit by Cody Goloubef and loses puck.
9:41 of 3rd period - Snap shot by Jeremy Morin.
9:41 of 3rd period - Shot Misses the Net.
9:45 of 3rd period - Slapshot by Anton Belov.
9:45 of 3rd period - Shot Blocked by Alexander Sulzer.
9:47 of 3rd period - Slapshot by Ryan Sproul.
9:47 of 3rd period - Shot Blocked by Corey Trivino.
10:09 of 3rd period - Wrist shot by Brian Gibbons.
10:09 of 3rd period - Stopped by Jeff Deslauriers without a rebound.
10:10 of 3rd period - Mitchell Heard wins face-off versus Joe Whitney in Griffins zone.
11:22 of 3rd period - Icing by Alexander Sulzer.
11:23 of 3rd period - John Albert wins face-off versus Brian Gibbons in Griffins zone.
12:53 of 3rd period - Anton Belov is hit by Kellan Lain and loses puck.
13:18 of 3rd period - John Lee is hit by Paul Postma and loses puck.
13:48 of 3rd period - Anton Belov is hit by Mark Mancari and loses puck.
14:33 of 3rd period - 10 Minutes Misconduct Penalty to Matt Marquardt is over.
15:33 of 3rd period - Snap shot by Mark Stone.
15:33 of 3rd period - Stopped by Jeff Deslauriers without a rebound.
15:34 of 3rd period - Matt Marquardt wins face-off versus Blair Jones in Griffins zone.
15:55 of 3rd period - Paul Thompson is hit by Jeremy Morin.
15:59 of 3rd period - Brad Hunt is hit by Anton Belov and loses puck.
16:00 of 3rd period - Brad Hunt from Griffins is injured at 16:00 of 3rd period (Sports Hernia).
16:01 of 3rd period - John Albert wins face-off versus J.T. Brown in Griffins zone.
16:01 of 3rd period - John Albert is hit by J.T. Brown.
16:06 of 3rd period - Off-side.
16:07 of 3rd period - Blair Jones wins face-off versus John Albert in neutral zone.
16:12 of 3rd period - Wrist shot by Mark Stone.
16:12 of 3rd period - Shot Misses the Net.
16:16 of 3rd period - Snap shot by Mark Stone.
16:16 of 3rd period - Shot Misses the Net.
16:20 of 3rd period - Snap shot by Mark Stone.
16:20 of 3rd period - Shot Blocked by John Albert.
16:22 of 3rd period - Snap shot by Blair Jones.
16:22 of 3rd period - Shot Blocked by Mark Mancari.
16:24 of 3rd period - Slapshot by Anton Belov.
16:24 of 3rd period - Stopped by Jeff Deslauriers with a rebound.
16:26 of 3rd period - Slapshot by Blair Jones.
16:26 of 3rd period - Stopped by Jeff Deslauriers with a rebound.
16:28 of 3rd period - Slapshot by Ryan Sproul.
16:28 of 3rd period - Stopped by Jeff Deslauriers with a rebound.
16:30 of 3rd period - Snap shot by Blair Jones.
16:30 of 3rd period - Stopped by Jeff Deslauriers without a rebound.
16:31 of 3rd period - Matt Marquardt wins face-off versus Brian Gibbons in Griffins zone.
16:38 of 3rd period - Snap shot by Matt Marquardt.
16:38 of 3rd period - Shot Misses the Net.
16:40 of 3rd period - Slapshot by Adam Clendening.
16:40 of 3rd period - Stopped by Jared Coreau with a rebound.
16:42 of 3rd period - Snap shot by Mike Angelidis.
16:42 of 3rd period - Stopped by Jared Coreau with a rebound.
16:44 of 3rd period - Wrist shot by John McFarland.
16:44 of 3rd period - Shot Misses the Net.
16:46 of 3rd period - Slapshot by David Musil.
16:46 of 3rd period - Stopped by Jared Coreau with a rebound.
16:48 of 3rd period - Wrist shot by John McFarland.
16:48 of 3rd period - Shot Misses the Net.
16:50 of 3rd period - Wrist shot by John McFarland.
16:50 of 3rd period - Deflect By Mike Angelidis.
16:50 of 3rd period - Shot Blocked by Maxime Fortunus.
16:50 of 3rd period - Puck is out of play.
16:51 of 3rd period - Matt Marquardt wins face-off versus Brian Gibbons in Rivermen zone.
17:10 of 3rd period - Slapshot by David Musil.
17:10 of 3rd period - Shot Blocked by Joe Whitney.
17:12 of 3rd period - Snap shot by John McFarland.
17:12 of 3rd period - Deflect By Mike Angelidis.
17:12 of 3rd period - Stopped by Jared Coreau with a rebound.
17:14 of 3rd period - Slapshot by John McFarland.
17:14 of 3rd period - Stopped by Jared Coreau without a rebound.
17:15 of 3rd period - Blair Jones wins face-off versus John Albert in Rivermen zone.
18:15 of 3rd period - Wrist shot by Jeremy Morin.
18:15 of 3rd period - Deflect By Zack Phillips.
18:15 of 3rd period - Shot Misses the Net.
18:15 of 3rd period - Puck is out of play.
18:16 of 3rd period - Paul Thompson wins face-off versus Zack Phillips in Griffins zone.
18:33 of 3rd period - Slapshot by Paul Postma.
18:33 of 3rd period - Shot Blocked by Rob Davison.
18:35 of 3rd period - Slapshot by Adam Clendening.
18:35 of 3rd period - Shot Blocked by Maxime Fortunus.
18:37 of 3rd period - Snap shot by Paul Postma.
18:37 of 3rd period - Stopped by Jared Coreau without a rebound.
18:38 of 3rd period - Matt Marquardt wins face-off versus Brian Gibbons in Rivermen zone.
18:42 of 3rd period - Mike Angelidis beats up Ryan Reaves.
18:42 of 3rd period - Penalty to Ryan Reaves for Fighting.
18:42 of 3rd period - Penalty to Mike Angelidis for Fighting.
18:43 of 3rd period - Blair Jones wins face-off versus John Albert in neutral zone.
19:21 of 3rd period - Snap shot by John Albert.
19:21 of 3rd period - Deflect By J.T. Brown.
19:21 of 3rd period - Stopped by Jared Coreau with a rebound.
19:47 of 3rd period - Matt Marquardt is hit by Anton Belov and loses puck.
Goals for this period are 0 for Griffins vs 0 for Rivermen.
Shots for this period are 8 for Griffins vs 11 for Rivermen.


Output by the SimonT Hockey Simulator (STHS) for Eric Dolegowski -- Original Page W3C XHTML 1.0 Valid
Hockey Simulator - Hockey Simulation - Hockey Manager